 Dungeon Crawl Stone Soup version 0.22.1-1-ga44c0e5 (webtiles) character file.

123 Fang the Skirmisher (level 5, 0/33 HPs)
             Began as a Gargoyle Berserker on Oct 17, 2018.
             Was a Believer of Trog.
             Slain by an adder (4 damage)
             ... on level 4 of the Dungeon.
             The game lasted 00:01:32 (1798 turns).

Fang the Skirmisher (Gargoyle Berserker)            Turns: 1798, Time: 00:01:33

Health: 0/33       AC:  6    Str: 22    XL:     5   Next: 7%
Magic:  5/5        EV: 12    Int:  7    God:    Trog [**....]
Gold:   125        SH:  0    Dex:  9    Spells: 4/4 levels left

rFire    . . .     SeeInvis +   a - +0 hand axe
rCold    . . .     Gourm    .   (no shield)
rNeg     + . .     Faith    .   b - +0 animal skin
rPois    ∞         Spirit   .   (no helmet)
rElec    +         Reflect  .   (no cloak)
rCorr    .         Harm     .   (no gloves)
MR       .....     Rnd*Tele +   (no boots)
Stlth    +.........             (no amulet)
HPRegen  0.11/turn              j - ring of teleportation (curse)
MPRegen  0.09/turn              n - ring of see invisible

@: berserk cooldown, slowed, very slow
A: negative energy resistance 1, electricity resistance, unbreathing,
petrification resistance, rot immunity, AC +4
a: Berserk, Trog's Hand, Renounce Religion


You were on level 4 of the Dungeon.
You worshipped Trog.
Trog was pleased with you.
You were hungry.

You visited 1 branch of the dungeon, and saw 3 of its levels.

You collected 125 gold pieces.

Inventory:

Hand Weapons
 a - a +0 hand axe (weapon)
Armour
 b - a +0 animal skin (worn)
Jewellery
 j - a cursed ring of teleportation (left hand)
 n - a ring of see invisible (right hand)
 p - a +2 amulet of reflection {unknown}
Scrolls
 d - a scroll of enchant weapon {unknown}
 i - a scroll of fog {unknown}
 k - a scroll of identify {unknown}
 m - 2 scrolls of remove curse {unknown}
 o - a scroll of amnesia {unknown}
Potions
 e - 2 potions of magic {unknown}
 f - a potion of agility {unknown}
 g - 5 potions of curing {unknown}
 h - a potion of heal wounds {unknown}
 l - a potion of ambrosia {unknown}
Comestibles
 c - 3 rations


   Skills:
 + Level 4.2 Fighting
 + Level 3.9 Axes
 + Level 2.4 Armour
 + Level 2.3 Dodging
 + Level 0.4 Stealth


You had 4 spell levels left.
You didn't know any spells.
Your spell library was empty.

Dungeon Overview and Level Annotations

Branches:
Dungeon (2/15)

Altars:
The Shining One


Innate Abilities, Weirdness & Mutations

You are resistant to torment.
Your stone body is resilient. (AC +4)
You are immune to poison.
You resist negative energy. (rN+)
You are resistant to electric shocks. (rElec)
You can survive without breathing.
You are immune to petrification.
You are immune to rotting.


Message History

You kill the giant cockroach!
Trog accepts your kill.
An adder comes into view.
The adder hisses angrily.
Unknown command.
An adder is nearby!
An adder is nearby!
The adder bites you but does no damage. The adder bites you.
* * * LOW HITPOINT WARNING * * *
The adder bites you.
* * * LOW HITPOINT WARNING * * *
The adder bites you.
* * * LOW HITPOINT WARNING * * *
You hit the adder but do no damage. The adder bites you but does no damage.
The adder bites you.
* * * LOW HITPOINT WARNING * * *
You hit the adder.
The adder is moderately wounded.
The adder bites you.
You die...

######.#
################.......
.................##
###############.@.#####
#.S......# #...####.#
#### ....... ...#
.........# ##.[..
.........#. ##
####...#### #..>.
#.....


You could see an adder.

Vanquished Creatures
  A howler monkey (D:4)
  A worker ant (D:4)
  Robin (D:1)
  A worm (D:2)
  A dart slug (D:1)
  A leopard gecko (D:1)
  3 giant cockroaches
  9 goblins
  5 hobgoblins
  3 jackals (D:4)
  3 kobolds (D:1)
  A quokka (D:4)
  4 bats
  4 frilled lizards
  3 rats (D:1)
41 creatures vanquished.

Notes
Turn   | Place    | Note
-------+----------+-------------------------------------------
     0 | D:1      | Fang the Gargoyle Berserker began the quest for the Orb.
     0 | D:1      | Reached XP level 1. HP: 14/14 MP: 1/1
   246 | D:1      | Reached XP level 2. HP: 17/19 MP: 2/2
   884 | D:2      | Reached XP level 3. HP: 19/24 MP: 3/3
   905 | D:2      | Reached ** piety under Trog
   907 | D:2      | Noticed Robin
   939 | D:1      | Killed Robin
  1210 | D:2      | Found a glowing golden altar of the Shining One.
  1345 | D:2      | You fall through a shaft for 2 floors!
  1365 | D:4      | Reached skill level 4 in Fighting
  1365 | D:4      | Reached XP level 4. HP: 16/29 MP: 4/4
  1782 | D:4      | Reached XP level 5. HP: 15/33 MP: 5/5
  1798 | D:4      | Slain by an adder

Skill      XL: |  1  2  3 |
---------------+----------+-----
Axes           | 3 |  3.9
Fighting       | 4 |  4.2
Dodging        | 2 |  2.3
Armour         | |  2.4
Stealth        | |  0.4

Action                   |  1- 3 |  4- 6 || total
-------------------------+-------+-------++-------
Melee: Hand axe          |   104 |    26 ||   130
Invok: Berserk           |     2 |     1 ||     3
  Eat: Chunk             |     3 |     2 ||     5
Armor: Animal skin       |    43 |    14 ||    57
Dodge: Dodged            |    95 |    19 ||   114
